 Dungeon Crawl Stone Soup version 0.20.0-8-g6b59dc7 (webtiles) character file.

228453 Beldrama the Shatterer (level 18, -4/179 HPs)
             Began as a Troll Monk on June 1, 2017.
             Was a High Priest of the Shining One.
             Shot with a bolt by a yaktaur (7 damage)
             ... on level 1 of the Vaults on June 2, 2017.
             The game lasted 04:14:56 (34510 turns).

Beldrama the Shatterer (Troll Monk)                Turns: 34510, Time: 04:14:56

Health: -4/179     AC: 15    Str: 32    XL:     18   Next: 27%
Magic:  22/23      EV: 13    Int: 10    God:    the Shining One [*****.]
Gold:   1980       SH:  0    Dex: 12    Spells: 17/17 levels left

rFire    . . .     SeeInvis .   l - +7 giant spiked club (holy)
rCold    + . .     Gourm    +   (shield currently unavailable)
rNeg     + + +     Faith    .   u - +0 swamp dragon scales
rPois    +         Spirit   .   (helmet restricted)
rElec    .         Reflect  +   L - +2 cloak {+Inv}
rCorr    +         Harm     .   (gloves unavailable)
MR       ++...     NoTele   +   (boots unavailable)
Stlth    ..........             s - amulet "Xidghy" {Reflect -Tele rN+ Int+4 SH+6}
Regen    0.8/turn               M - ring of resist corrosion
MPRegen  0.2/turn               F - ring of protection from cold

@: confused, lethally poisoned (-4 -> -6), slowed, glowing, very slow
A: unfitting armour, claws 3, thin metallic scales 1, fast metabolism 3,
gourmand, magic resistance 1, regeneration 1, shaggy fur 1, strong 1, tough skin
2
}: 2/15 runes: decaying, gossamer
a: Divine Shield, Cleansing Flame, Summon Divine Warrior, Renounce Religion,
Evoke Invisibility


You were on level 1 of the Vaults.
You worshipped the Shining One.
The Shining One was extremely pleased with you.
You were full.

You visited 8 branches of the dungeon, and saw 34 of its levels.
You also visited: Ossuary.

You collected 2755 gold pieces.
You spent 775 gold pieces at shops.

Inventory:

Hand Weapons
 l - a +7 giant spiked club of holy wrath (weapon)
Missiles
 I - 5 large rocks (quivered)
Armour
 u - +0 swamp dragon scales (worn)
 L - a +2 cloak of invisibility (worn)
Jewellery
 r - an uncursed ring of fire
 s - the amulet "Xidghy" (around neck) {Reflect -Tele rN+ Int+4 SH+6}
   (You acquired it on level 4 of the Swamp)

   [amulet of reflection]

   It shields you and reflects attacks.
   It affects your intelligence (+4).
   It protects you from negative energy.
   It prevents most forms of teleportation.
   It affects your SH (+6).
 A - an uncursed amulet of rage
 F - a ring of protection from cold (right claw)
 M - a ring of resist corrosion (left claw)
 T - an uncursed ring of positive energy
 W - an uncursed ring of protection from cold
 Z - an uncursed ring of fire
Wands
 k - a wand of scattershot (7/9)
 p - a wand of iceblast (0/15)
 z - a wand of enslavement (14/24)
 J - a wand of paralysis (12/24)
 P - a wand of lightning (0/15)
 S - a wand of lightning (0/15)
 U - a wand of flame (13/48)
 V - a wand of enslavement (2/24)
Scrolls
 d - 5 scrolls of recharging
 e - 2 scrolls of fog
 g - 13 scrolls of remove curse
 i - 12 scrolls of enchant armour
 m - 8 scrolls of amnesia
 n - 12 scrolls of identify
 o - a scroll of blinking
 y - 3 scrolls of teleportation
 E - 3 scrolls of magic mapping
 O - a scroll of silence
Potions
 a - 2 potions of mutation
 j - 3 potions of curing
 t - 5 potions of ambrosia
 w - a potion of resistance
 x - 4 potions of brilliance
 G - a potion of cancellation
 N - 2 potions of flight
 X - 2 potions of haste
 Y - 2 potions of might
Comestibles
 c - 7 bread rations
 f - 17 royal jellies
 h - 11 meat rations
 v - 23 fruits


   Skills:
 + Level 11.5 Fighting
 * Level 22.3 Maces & Flails
 * Level 10.0 Throwing
 + Level 8.2 Dodging
 - Level 1.0 Stealth
 - Level 8.2 Invocations


You had 17 spell levels left.
You didn't know any spells.

Dungeon Overview and Level Annotations

Branches:
Dungeon (15/15)            Temple (1/1) D:5            Lair (6/6) D:10
  Swamp (4/4) Lair:3       Spider (4/4) Lair:4        Slime (1/5) Lair:5
    Orc (2/2) D:10            Elf (0/3) Orc:2        Vaults (1/5) D:13
 Depths (0/5) D:15

Altars:
Ashenzari
Cheibriados
Dithmenos
Elyvilon
Fedhas
Gozag
Hepliaklqana
Kikubaaqudgha
Makhleb
Nemelex Xobeh
Okawaru
Qazlal
Ru
Sif Muna
Trog
Uskayaw
Vehumet
Xom
Yredelemnul
Zin
The Shining One
Beogh

Shops:
D:9 ?   D:10 (   D:12 }   Orc:2 %?*(


Innate Abilities, Weirdness & Mutations

You are too large for most types of armour.
You have claws for hands.
Your metabolism is lightning-fast.
You like to eat raw meat.
Your natural rate of healing is unusually fast.
You are covered in fur. (AC +1)
You have very tough skin. (AC +2)
You are partially covered in thin metallic scales. (AC +2)
You are resistant to hostile enchantments. (MR+)
Your muscles are strong. (Str +2)


Message History

The wolf spider is moderately wounded.
The wolf spider hits you but does no damage.
The wolf spider bites you!
* * * LOW HITPOINT WARNING * * *
You are poisoned.
The wolf spider poisons you!
The yaktaur moves out of view.
The yaktaur wields an arbalest.
The yaktaur shoots a bolt.
The bolt hits you!!
* * * LOW HITPOINT WARNING * * *
You block the wolf spider's attack. The wolf spider bites you!
* * * LOW HITPOINT WARNING * * *
You cannot teleport because you are wearing the amulet "Xidghy" {Reflect -Tele rN+ Int+4 SH+6}.
You are confused.
You feel invigorated.
You feel very sick. The wolf spider barely misses you.
The wolf spider bites you.
* * * LOW HITPOINT WARNING * * *
The wolf spider closely misses you. The wolf spider bites you!
The Shining One protects you from harm!
The yaktaur shoots a bolt.
The bolt hits you!
You die...

▒ ▒▒▒▒▒▒▒▒▒
▒∙▒∙▒∙▒∙▒∙▒▒▒▒▒▒▒▒▒▒▒
∙∙J∙∙∙∙(∙∙∙▒∙)∙∙∙∙∙∙▒
∙∙∙∙∙>∙∙c∙∙■∙∙∙∙∙∙∙∙▒
∙∙∙∙∙A(cs)∙▒∙∙∙∙∙∙∙∙▒
∙▒∙▒∙▒∙▒@▒▒∙∙∙∙∙∙∙∙▒
▒▒▒▒▒▒▒■▒)▒▒▒▒∙∙∩∙∙∙∙∙▒
∙∙∙∙∙∙∙∙∙∙∙∙▒▒∙∙∙∙∙∙∙∙▒
∙∙∙∙∙∙∙∙∙∙∙∙▒▒∙∙∙∙∙∙∙∙▒
∙∙∙∙∙∙∙∙∙∙∙∙▒▒▒▒▒▒▒▒▒▒▒
∙∙∙∙∙∙∙∙∙∙∙∙▒
∙∙∙∙∙∙∙p∙∙∙∙▒▒▒▒▒▒▒▒
∙∙∙∙∙∙∙∙∙∙∙∙'∙∙∙∙∙∙▒
∙∙∙∙∙∙∙∙∙∙∙∙▒∙∙∙∙∙∙▒


You could see a slime creature, a wolf spider, 2 yaktaurs and a friendly angel.

Vanquished Creatures
  Gastronok (D:11)
  Roxanne (Swamp:3)
  A fire giant (D:15)
  Louise (Spider:4)
  A vault warden (Vaults:1)
  2 emperor scorpions
  5 ghost moths
  5 entropy weavers
  Nessos (Lair:4)
  A spark wasp (Spider:4)
  The ghost of raetorn the Fencer, a journeyman DsGl of Ru (D:14)
  Harold (D:12)
  Josephine (D:10)
  8 vault guards (D:13)
  16 hydras
  7 centaur warriors
  2 tengu warriors (D:15)
  3 ogre magi
  10 alligators
  A death knight (D:13)
  15 two-headed ogres
  Urug (Lair:2)
  An orc high priest (Orc:2)
  A spriggan berserker (Swamp:4)
  A deep elf knight (Orc:2)
  A fire crab (Lair:5)
  5 skeletal warriors (D:13)
  The ghost of ldierk the Nimble, a novice DgCj (D:8)
  2 unseen horrors (D:11)
  A deep troll (Orc:2)
  A spriggan druid (Swamp:3)
  3 shambling mangroves
  21 orb spiders
  A wolf spider zombie (D:15)
  8 swamp dragons
  An orb spider (shapeshifter) (D:15)
  5 oklob plants
  3 ugly things (D:15)
  An orc knight (Orc:2)
  An orc sorcerer (Orc:1)
  28 wolf spiders
  3 deep elf magi
  7 cyclopes
  10 elephants
  A moth of wrath (Spider:4)
  2 manticores
  5 black mambas
  38 spiny frogs
  3 torpor snails
  Maurice (D:11)
  11 demonic crawlers
  3 kobold demonologists (D:13)
  A freezing wraith (D:13)
  3 rime drakes
  An efreet (D:13)
  A yaktaur (Vaults:1)
  5 komodo dragons
  40 jumping spiders
  15 trolls
  3 meliai (D:14)
  8 tyrant leeches
  A polar bear (Lair:6)
  30 blink frogs
  Prince Ribbit (D:5)
  17 hornets
  8 hippogriffs
  7 dream sheep (Lair:6)
  12 bog bodies
  10 slime creatures
  60 redbacks
  2 shadows
  31 tarantellas
  21 yaks
  14 spriggans
  A water elemental (D:15)
  3 wyverns
  4 wraiths
  Eustachio (D:5)
  4 basilisks
  Grum (D:9)
  3 wargs (Orc:2)
  13 vampire mosquitoes
  Menkaure (D:7)
  27 swamp worms
  9 insubstantial wisps
  Duvessa (D:4)
  2 soldier ants (D:9)
  18 water moccasins
  7 swamp drakes
  20 orc warriors
  2 ice beasts
  5 porcupines
  2 black bears (D:11)
  3 sky beasts
  A necrophage (D:13)
  25 ogres
  2 phantoms
  3 wolves (D:9)
  8 centaurs
  7 crocodiles
  6 big kobolds
  24 bullfrogs
  A wyvern zombie (D:13)
  Dowan (D:4)
  12 scorpions
  13 killer bees
  9 wights
  8 crimson imps
  7 electric eels
  2 centaur zombies
  A bullfrog zombie (D:11)
  2 quasits
  2 human zombies (Ossuary)
  12 orc priests
  Crazy Yiuf (D:4)
  3 hounds
  17 jellies
  5 centaur skeletons
  3 iguanas
  Ijyb (D:5)
  16 orc wizards
  7 worker ants
  A big kobold zombie (Ossuary)
  3 mummies (Ossuary)
  4 gnolls (D:3)
  11 adders
  6 scorpion zombies (Ossuary)
  6 shadow imps
  7 oozes
  2 adder skeletons
  2 worms
  3 dart slugs
  6 leopard geckos
  61 orcs
  6 giant cockroaches
  4 gnoll zombies (Ossuary)
  8 goblins
  8 hobgoblins
  10 jackals
  4 quokkas
  2 ball pythons
  8 bats
  10 frilled lizards
  2 hobgoblin zombies (Ossuary)
  16 kobolds
  2 kobold zombies (Ossuary)
  An orc zombie (Ossuary)
  2 quokka skeletons
  A quokka zombie (D:8)
  4 rats
1072 creatures vanquished.

Vanquished Creatures (collateral kills)
  3 thorn hunters
  A ghost moth (Spider:4)
  An emperor scorpion (Spider:4)
  2 ogre magi
  4 hydras
  3 alligators
  A ghost crab (Swamp:3)
  3 spriggan druids
  A deep troll (Orc:2)
  6 swamp dragons
  A shambling mangrove (Swamp:2)
  2 orb spiders (Spider:4)
  A yaktaur (Vaults:1)
  A jumping spider (Spider:2)
  6 hornets
  2 tyrant leeches
  A troll (Orc:2)
  A bog body (Swamp:3)
  5 slime creatures
  A blink frog (Swamp:4)
  2 tarantellas
  5 spriggans (Swamp:4)
  A swamp worm (Swamp:2)
  A water moccasin (Lair:2)
  2 swamp drakes
  An ogre (Orc:2)
  3 briar patches (Swamp:2)
61 creatures vanquished.

Vanquished Creatures (others)
  A cyclops (D:15)
  A hornet (Swamp:4)
  A redback (Spider:1)
  A spriggan (Swamp:4)
  A centaur (D:14)
  A bush (Lair:6)
  14 fungi
  47 plants
  6 toadstools (D:7)
73 creatures vanquished.

Grand Total: 1206 creatures vanquished

Notes
Turn   | Place    | Note
-------+----------+-------------------------------------------
     0 | D:1      | Beldrama the Troll Monk began the quest for the Orb.
     0 | D:1      | Reached XP level 1. HP: 22/22 MP: 0/0
   158 | D:1      | Reached skill level 3 in Maces & Flails
   176 | D:1      | Reached XP level 2. HP: 22/29 MP: 1/1
   509 | D:1      | Gained mutation: Your system is resistant to poisons. (rPois) [potion of mutation]
   509 | D:1      | Gained mutation: You are dopey. (Int -2) [potion of mutation]
   509 | D:1      | Gained mutation: You are partially covered in slimy green scales. (AC +2) [potion of mutation]
   509 | D:1      | Gained mutation: Your spells are a little harder to cast, but a little more powerful. [potion of mutation]
   744 | D:1      | Reached XP level 3. HP: 36/36 MP: 2/2
  1138 | D:2      | Lost mutation: Your spells are a little harder to cast, but a little more powerful. [potion of mutation]
  1138 | D:2      | Lost mutation: Your system is resistant to poisons. (rPois) [potion of mutation]
  1138 | D:2      | Lost intelligence.
  1138 | D:2      | Gained mutation: You are very dopey. (Int -4) [potion of mutation]
  1138 | D:2      | Lost mutation: You are very dopey. (Int -4) [potion of mutation]
  1138 | D:2      | Gained mutation: Your movements are slightly less encumbered by armour. (ER -2) [potion of mutation]
  1309 | D:2      | Reached XP level 4. HP: 44/44 MP: 3/3
  1480 | D:2      | Reached skill level 4 in Maces & Flails
  1645 | D:3      | Found a faded altar of an unknown god.
  2048 | D:3      | Reached XP level 5. HP: 47/50 MP: 4/4
  2643 | D:4      | Noticed Duvessa
  2643 | D:4      | Noticed Dowan
  2747 | D:4      | Found a runed door.
  2757 | D:4      | Reached skill level 5 in Maces & Flails
  2757 | D:4      | Reached XP level 6. HP: 46/61 MP: 5/5
  2947 | D:4      | Found a sand-covered staircase.
  2953 | Ossuary  | Entered an ossuary
  3255 | Ossuary  | Reached skill level 6 in Maces & Flails
  3335 | Ossuary  | Reached XP level 7. HP: 48/67 MP: 6/6
  3426 | Ossuary  | Reached skill level 7 in Maces & Flails
  3611 | Ossuary  | Identified a scroll of acquirement
  3825 | D:4      | Killed Duvessa
  3825 | D:4      | Reached XP level 8. HP: 61/78 MP: 7/7
  3826 | D:4      | Killed Dowan
  3826 | D:4      | Reached skill level 8 in Maces & Flails
  4027 | D:4      | Noticed Crazy Yiuf
  4039 | D:4      | Killed Crazy Yiuf
  4055 | D:4      | Noticed a two-headed ogre
  4064 | D:4      | Killed a two-headed ogre
  4064 | D:4      | Reached skill level 9 in Maces & Flails
  4081 | D:5      | Entered Level 5 of the Dungeon
  4142 | D:5      | Noticed Ijyb
  4147 | D:5      | Killed Ijyb
  4157 | D:5      | Noticed Prince Ribbit
  4168 | D:5      | Killed Prince Ribbit
  4168 | D:5      | Reached XP level 9. HP: 53/85 MP: 8/8
  4170 | D:5      | Noticed Eustachio
  4251 | D:5      | Killed Eustachio
  4251 | D:5      | Reached skill level 10 in Maces & Flails
  4809 | D:5      | Found a shadowy altar of Dithmenos.
  4859 | D:5      | Found a staircase to the Ecumenical Temple.
  4888 | Temple   | Entered the Ecumenical Temple
  5032 | Temple   | Became a worshipper of the Shining One
  5032 | Temple   | Reached * piety under the Shining One
  5032 | Temple   | Reached ** piety under the Shining One
  6231 | D:7      | Reached skill level 5 in Fighting
  6231 | D:7      | Reached skill level 11 in Maces & Flails
  6303 | D:7      | Noticed Menkaure
  6309 | D:7      | Killed Menkaure
  6432 | D:7      | Reached XP level 10. HP: 43/96 MP: 9/9
  6994 | D:8      | Found a shimmering altar of Xom.
  7131 | D:8      | Noticed ldierk's ghost (novice DgCj)
  7148 | D:8      | Killed ldierk's ghost
  7148 | D:8      | Reached skill level 12 in Maces & Flails
  7403 | D:9      | Found Wutzatoj's Magic Scroll Boutique.
  7409 | D:9      | Bought a scroll of teleportation for 48 gold pieces
  7409 | D:9      | Bought a scroll of enchant weapon for 120 gold pieces
  7409 | D:9      | Bought a scroll of teleportation for 48 gold pieces
  7409 | D:9      | Bought a scroll of enchant weapon for 120 gold pieces
  7409 | D:9      | Bought a scroll of teleportation for 48 gold pieces
  7535 | D:9      | You fall through a shaft for 3 floors!
  7570 | D:12     | Noticed a manticore
  7575 | D:12     | Killed a manticore
  7666 | D:11     | Reached skill level 5 in Dodging
  7765 | D:10     | Entered Level 10 of the Dungeon
  7772 | D:10     | Found a stormy altar of Qazlal.
  7795 | D:10     | Noticed a two-headed ogre
  7808 | D:10     | Killed a two-headed ogre
  7808 | D:10     | Reached skill level 13 in Maces & Flails
  7808 | D:10     | Reached skill level 1 in Invocations
  7837 | D:10     | Found an opulent altar of Gozag.
  7879 | D:10     | Found Aghaoses's Weapon Emporium.
  7893 | D:10     | Found a staircase to the Orcish Mines.
  7967 | D:10     | Noticed Josephine
  7977 | D:10     | Killed Josephine
  7977 | D:10     | Reached XP level 11. HP: 89/105 MP: 7/11
  8244 | D:10     | Reached *** piety under the Shining One
  8319 | D:9      | Found a white marble altar of Elyvilon.
  8319 | D:9      | Noticed Grum
  8347 | D:9      | Killed Grum
  8370 | D:9      | Noticed an oklob plant
  8381 | D:9      | Killed an oklob plant
  8636 | D:9      | Reached skill level 14 in Maces & Flails
  8786 | D:10     | Found a staircase to the Lair.
  9093 | Lair:1   | Entered Level 1 of the Lair of Beasts
  9298 | Lair:1   | Noticed an eight-headed hydra
  9304 | Lair:1   | Killed an eight-headed hydra
  9662 | Lair:1   | Found a shadowy altar of Dithmenos.
  9858 | Lair:1   | Reached XP level 12. HP: 115/115 MP: 13/13
 10091 | Lair:1   | Reached skill level 15 in Maces & Flails
 10748 | Lair:2   | Noticed Urug
 10758 | Lair:2   | Killed Urug
 11398 | Lair:3   | Found a staircase to the Swamp.
 11866 | Lair:3   | Reached skill level 16 in Maces & Flails
 12215 | Lair:4   | Found a hole to the Spider Nest.
 12232 | Lair:4   | Reached skill level 5 in Invocations
 12301 | Lair:4   | Noticed Nessos
 12476 | Lair:4   | Killed Nessos
 12476 | Lair:4   | Reached XP level 13. HP: 90/124 MP: 15/15
 13594 | Lair:5   | Found a staircase to the Slime Pits.
 14281 | Slime:1  | Entered Level 1 of the Pits of Slime
 14326 | Lair:6   | Entered Level 6 of the Lair of Beasts
 14373 | Lair:6   | Reached skill level 17 in Maces & Flails
 14852 | Lair:6   | Reached **** piety under the Shining One
 15625 | Lair:6   | Reached XP level 14. HP: 109/136 MP: 17/17
 15749 | Lair:6   | Lost mutation: You are dopey. (Int -2) [potion of mutation]
 15749 | Lair:6   | Lost mutation: You are partially covered in slimy green scales. (AC +2) [potion of mutation]
 15749 | Lair:6   | Lost mutation: Your movements are slightly less encumbered by armour. (ER -2) [potion of mutation]
 15749 | Lair:6   | Gained mutation: You are somewhat resistant to further mutation. [potion of mutation]
 15749 | Lair:6   | Gained mutation: You have a pair of small horns on your head. [potion of mutation]
 15750 | Lair:6   | Lost mutation: You are somewhat resistant to further mutation. [potion of mutation]
 15750 | Lair:6   | Lost mutation: You have a pair of small horns on your head. [potion of mutation]
 15750 | Lair:6   | Gained mutation: You are agile. (Dex +2) [potion of mutation]
 15750 | Lair:6   | Gained mutation: You are partially covered in slimy green scales. (AC +2) [potion of mutation]
 15750 | Lair:6   | Gained mutation: You are partially covered in yellow scales. (AC +2) [potion of mutation]
 15751 | Lair:6   | Lost mutation: You are agile. (Dex +2) [potion of mutation]
 15751 | Lair:6   | Lost mutation: You are partially covered in slimy green scales. (AC +2) [potion of mutation]
 15751 | Lair:6   | Lost mutation: You are partially covered in yellow scales. (AC +2) [potion of mutation]
 15751 | Lair:6   | Gained mutation: You are clumsy. (Dex -2) [potion of mutation]
 15751 | Lair:6   | Gained mutation: You possess an exceptional clarity of mind. [potion of mutation]
 15752 | Lair:6   | Lost mutation: You are clumsy. (Dex -2) [potion of mutation]
 15752 | Lair:6   | Lost mutation: You possess an exceptional clarity of mind. [potion of mutation]
 15752 | Lair:6   | Gained mutation: Your magical capacity is low. (-10% MP) [potion of mutation]
 15752 | Lair:6   | Gained mutation: You occasionally shout uncontrollably at your foes. [potion of mutation]
 15752 | Lair:6   | Gained mutation: You have a pair of small horns on your head. [potion of mutation]
 15753 | Lair:6   | Lost mutation: Your magical capacity is low. (-10% MP) [potion of mutation]
 15753 | Lair:6   | Lost mutation: You have a pair of small horns on your head. [potion of mutation]
 15753 | Lair:6   | Lost mutation: You occasionally shout uncontrollably at your foes. [potion of mutation]
 15753 | Lair:6   | Gained mutation: Your spells are a little easier to cast, but a little less powerful. [potion of mutation]
 15753 | Lair:6   | Gained mutation: You are resistant to hostile enchantments. (MR+) [potion of mutation]
 15754 | Lair:6   | Lost mutation: Your spells are a little easier to cast, but a little less powerful. [potion of mutation]
 15754 | Lair:6   | Lost mutation: You are resistant to hostile enchantments. (MR+) [potion of mutation]
 15754 | Lair:6   | Gained mutation: You are resistant to hostile enchantments. (MR+) [potion of mutation]
 15754 | Lair:6   | Gained mutation: Your muscles are strong. (Str +2) [potion of mutation]
 15754 | Lair:6   | Gained mutation: You are partially covered in thin metallic scales. (AC +2) [potion of mutation]
 16524 | Lair:3   | Reached skill level 18 in Maces & Flails
 16759 | Orc:1    | Entered Level 1 of the Orcish Mines
 16907 | Orc:2    | Entered Level 2 of the Orcish Mines
 16990 | Orc:2    | Found a staircase to the Elven Halls.
 17037 | Orc:2    | Reached ***** piety under the Shining One
 17170 | Orc:2    | Found a roughly hewn altar of Beogh.
 18019 | Orc:2    | Found Vixueng's Magic Scroll Shoppe.
 18021 | Orc:2    | Found Efymaa's Weapon Shoppe.
 18032 | Orc:2    | Found Onouhaq's Food Boutique.
 18042 | Orc:2    | Found Gasahuk's Assorted Antiques.
 18051 | Orc:2    | Bought a scroll of fear for 119 gold pieces
 18051 | Orc:2    | Bought a scroll of fear for 119 gold pieces
 18051 | Orc:2    | Bought a scroll of fear for 119 gold pieces
 18051 | Orc:2    | Bought a scroll labeled TEXOYN ROTOT for 34 gold pieces
 19292 | D:11     | Noticed Maurice
 19299 | D:11     | Killed Maurice
 19299 | D:11     | Reached skill level 19 in Maces & Flails
 19436 | D:11     | Noticed Gastronok
 19456 | D:11     | Killed Gastronok
 19456 | D:11     | Reached skill level 1 in Throwing
 19801 | D:12     | Noticed Harold
 19817 | D:12     | Killed Harold
 20296 | D:12     | Found Weifyrol's Gadget Boutique.
 20423 | D:13     | Reached XP level 15. HP: 138/146 MP: 19/19
 20703 | D:13     | Found a gate to the Vaults.
 21081 | D:13     | Reached ****** piety under the Shining One
 21706 | Swamp:1  | Entered Level 1 of the Swamp
 21886 | Swamp:1  | Paralysed by a hornet for 2 turns
 22514 | Swamp:1  | Identified a +7 giant spiked club of holy wrath (a +5 giant spiked club blessed by the Shining One)
 22514 | Swamp:1  | Received a gift from the Shining One
 23037 | Swamp:1  | Reached skill level 20 in Maces & Flails
 23311 | Swamp:2  | Noticed a thorn hunter
 23320 | Swamp:2  | Killed a thorn hunter
 23960 | Swamp:3  | Noticed a thorn hunter
 23968 | Swamp:3  | Killed a thorn hunter
 24371 | Swamp:3  | Noticed a thorn hunter
 24383 | Swamp:3  | Killed a thorn hunter
 24391 | Swamp:3  | Reached XP level 16. HP: 158/158 MP: 15/21
 24523 | Swamp:3  | Noticed Roxanne
 24540 | Swamp:3  | Killed Roxanne
 24543 | Swamp:3  | Identified Roxanne's Collected Works on Transformation (You took it off Roxanne on level 3 of the Swamp)
 24855 | Swamp:4  | Entered Level 4 of the Swamp
 24871 | Swamp:4  | Reached skill level 5 in Throwing
 25034 | Swamp:4  | Reached skill level 10 in Fighting
 26018 | Swamp:4  | Got a sparkling amethyst amulet
 26020 | Swamp:4  | Identified the amulet "Xidghy" {Reflect -Tele rN+ Int+4 SH+6} (You acquired it on level 4 of the Swamp)
 26720 | Swamp:4  | Got a decaying rune of Zot
 27124 | D:14     | Reached skill level 21 in Maces & Flails
 27883 | D:14     | Noticed raetorn's ghost (journeyman DsGl)
 27893 | D:14     | Killed raetorn's ghost
 28032 | D:15     | Entered Level 15 of the Dungeon
 28067 | D:15     | Got a fine robe
 28068 | D:15     | Identified the +4 robe of Zuple {rPois Regen+ Str-4 Dex+6} (You found it on level 15 of the Dungeon)
 28293 | D:15     | Found a staircase to the Depths.
 29296 | Lair:4   | Reached XP level 17. HP: 159/167 MP: 22/22
 29324 | Lair:4   | Got an ancient steel amulet
 29326 | Lair:4   | Identified the amulet of Neurosis {Faith rPois rN+++ Int-5 Dex-2} (You found it on level 4 of the Lair of Beasts)
 29387 | Spider:1 | Entered Level 1 of the Spider Nest
 32591 | Spider:4 | Entered Level 4 of the Spider Nest
 32630 | Spider:4 | Reached skill level 22 in Maces & Flails
 32970 | Spider:4 | Noticed Louise
 32995 | Spider:4 | Killed Louise
 33588 | Spider:4 | Reached XP level 18. HP: 174/179 MP: 23/23
 33927 | Spider:4 | Got a gossamer rune of Zot
 34444 | Vaults:1 | Entered Level 1 of the Vaults
 34508 | Vaults:1 | Reached skill level 10 in Throwing
 34509 | Vaults:1 | HP: 3/179 [wolf spider (8)]
 34510 | Vaults:1 | The Shining One protects you from harm!
 34510 | Vaults:1 | Shot with a bolt by a yaktaur

Skill      XL: |  1  2  3  4  5  6  7  8  9 10 11 12 13 14 15 16 17 18 |
---------------+-------------------------------------------------------+-----
Maces & Flails | 3 4 5 6 7 9 11 13 14 16 17 19 20 21 22 | 22.3
Dodging        | 3 4 5 6 7 8 |  8.2
Fighting       | 3 4 5 6 7 8 9 10 11 | 11.5
Invocations    | 1 3 5 6 7 8 |  8.2
Throwing       | 1 4 7 9 10 | 10.0
Stealth        | |  1.0

Action                   |  1- 3 |  4- 6 |  7- 9 | 10-12 | 13-15 | 16-18 || total
-------------------------+-------+-------+-------+-------+-------+-------++-------
Melee: Mace              |   159 |    52 |       |       |       |       ||   211
       Flail             |       |   227 |    50 |       |       |       ||   277
       Great mace        |       |       |    31 |       |       |       ||    31
       Giant spiked club |       |       |   160 |   473 |   942 |   676 ||  2251
Throw: Large rock        |       |       |       |       |    89 |   286 ||   375
Invok: Divine Shield     |       |       |       |     6 |     1 |     1 ||     8
       Summon Divine War |       |       |       |       |     5 |    11 ||    16
       Brand Weapon With |       |       |       |       |     1 |       ||     1
 Abil: Evoke Berserk Rag |       |       |       |     2 |     5 |     2 ||     9
Evoke: Wand              |       |       |       |     7 |     1 |    11 ||    19
  Use: Potion            |     8 |     3 |     9 |     6 |    13 |    10 ||    49
       Scroll            |     5 |     5 |     7 |    15 |    10 |     9 ||    51
 Stab: Sleeping          |     3 |     3 |     1 |       |       |       ||     7
  Eat: Chunk             |    18 |    11 |    20 |    61 |   115 |    92 ||   317
       Royal jelly       |       |       |     2 |       |       |       ||     2
       Fruit             |       |       |     2 |       |       |       ||     2
       Bread ration      |       |       |     2 |       |       |     2 ||     4
Armor: Robe              |    71 |   102 |   121 |    21 |       |       ||   315
       Troll leather arm |       |       |       |   142 |   273 |       ||   415
       Swamp dragon scal |       |       |       |       |    30 |   383 ||   413
Dodge: Dodged            |   109 |   161 |   184 |   218 |   596 |   442 ||  1710
Block: Other             |       |       |       |    17 |    14 |   195 ||   226
       Reflection        |       |       |       |       |       |     8 ||     8
